 Dungeon Sprint DCSS version 0.30-a0-691-g754fce4c43 (webtiles) character file.

Game seed: 13515377060797008312

132 BigDaddyOpFi the Fighter (level 8, -1/44 HPs)
             Began as an Octopode Fighter on Jan 19, 2023.
             Slain by a wraith (5 damage)
             ... in the Dungeon (Sprint VI: "Thunderdome").
             The game lasted 00:03:30 (635 turns).

BigDaddyOpFi the Fighter (Octopode Fighter)          Turns: 635, Time: 00:03:30

Health: -1/44      AC:  5    Str: 15      XL:     8   Next: 67%
Magic:  7/7        EV: 14    Int: 17 (19) God:
Gold:   220        SH:  5    Dex:  5      Spells: 7/7 levels left

rFire   x . .      SeeInvis .    a - +0 war axe
rCold   + + +      Faith    .    b - +0 buckler
rNeg    . . .      Spirit   .    (helmet restricted)
rPois   .          Reflect  .    q - amulet "Jufel" {Acrobat +Inv rC+++ Int-2 Stlth-}
rElec   .          Harm     .    n - ring "Imaastrae" {+Blink Will- AC+4 Int+7}
rCorr   +          Rampage  .    o - ring "Ommumued" {Wiz rCorr}
Will    .....      NoTele   +    p - ring of Noferph {Fly Int+6 Dex-3}
Stlth   +                        (no ring)
HPRegen 0.27/turn                (no ring)
MPRegen 0.10/turn                (no ring)
                                 (no ring)
                                 (no ring)

@: mighty, flying, slowed, very slow
A: almost no armour, amphibious, 8 rings, camouflage 1, gelatinous body 1,
(nimble swimmer 1), tentacles, clumsy 2, deterioration 1, dopey 1, frail 3, low
MP 1, weak 1, heat vulnerability 1, inability to drink after injury 1
a: Evoke Blink, Evoke Invisibility


You were in the Dungeon.
You visited 1 branch You collected 400 gold pieces.
You spent 180 gold pieces at shops.

Inventory:

Hand Weapons
 a - a +0 war axe (weapon)
Armour
 b - a +0 buckler (worn)
Jewellery
 n - the ring "Imaastrae" (left tentacle) {+Blink Will- AC+4 Int+7}
   (You bought it in a shop in the Dungeon)

   [ring of protection]

   AC:        It affects your AC (+4).
   Int:       It affects your intelligence (+7).
   +Blink:    It lets you blink.
   Will:      It decreases your willpower.
 o - the ring "Ommumued" (right tentacle) {Wiz rCorr}
   (You bought it in a shop in the Dungeon)

   [ring of wizardry]

   It improves your spell success rate.
   rCorr:     It protects you from acid and corrosion.
 p - the ring of Noferph (on tentacle) {Fly Int+6 Dex-3}
   (You bought it in a shop in the Dungeon)

   [ring of flight]

   Int:       It affects your intelligence (+6).
   Dex:       It affects your dexterity (-3).
   Fly:       It grants you flight.
 q - the amulet "Jufel" (around mantle) {Acrobat +Inv rC+++ Int-2 Stlth-}
   (You bought it in a shop in the Dungeon)

   [amulet of the acrobat]

   It increases your evasion while moving and waiting.
   Int:       It affects your intelligence (-2).
   rC:        It renders you almost immune to cold.
   +Inv:      It lets you turn invisible.
   Stlth:     It makes you less stealthy.
Wands
 l - a wand of roots (2) (quivered)
Scrolls
 i - a scroll of blinking
 m - 3 scrolls of fog
Potions
 d - a potion of curing
 f - 4 potions of haste
 g - 2 potions of magic
 j - a potion of resistance


   Skills:
 + Level 10.0 Fighting
 + Level 9.7 Axes
 + Level 10.0 Dodging
 + Level 10.0 Shields


You had 7 spell levels left.
You didn't know any spells.
Your spell library was empty.

Dungeon Overview and Level Annotations

Branches:
Dungeon (1/1)

Altars:
Cheibriados
Dithmenos
Fedhas
Gozag
Kikubaaqudgha
Makhleb
Okawaru
Qazlal
Ru
Sif Muna
Trog
Uskayaw
Vehumet
Wu Jian
Xom
Yredelemnul
Zin
The Shining One
Lugonu

Shops:
D *[??*?*:[((!!!!


Innate Abilities, Weirdness & Mutations

You cannot wear most types of armour.
You are amphibious.
You can wear up to eight rings at the same time.
Your skin changes colour to match your surroundings (Stealth+).
Your rubbery body absorbs attacks. (AC +1, EV +1)
((You are camouflaged when in or above water. (Stealth+)))
You have tentacles for arms and can constrict up to eight enemies at once.
You are very clumsy. (Dex -4)
Your body sometimes deteriorates upon taking damage.
You are dopey. (Int -2)
You are extremely frail. (-30% HP)
Your magical capacity is low. (-10% MP)
You are weak. (Str -2)
You are vulnerable to heat. (rF-)
You occasionally lose the ability to drink potions when taking damage.


Message History

The wraith is heavily damaged.
You block the wraith's attack.
You barely miss the wraith. You squeeze the wraith!
The wraith is severely damaged.
You can drink potions again.
The wraith hits you but does no damage. The wraith hits you.
You feel threatened and lose the ability to drink potions!
* * * LOW HITPOINT WARNING * * *
The wraith drains your vigour!
You feel as though you will be slow longer.
You cannot drink potions in your current state!
Blink to where?
Press: ? - help, Dir - move target
As you read the scroll of blinking, it crumbles to dust.
Aiming: Quicksilver Bolt
Press: ? - help, Q - select action, (/) - cycle Shift-Dir - straight line, f - wraith
Aim: a wraith (translocational energy, severely damaged, 71% to hit)
The bolt of dispelling energy hits the wraith!
The wraith is almost destroyed.
The now-empty wand crumbles to dust. 20...
You can drink potions again.
Unknown command.
Aiming: Fastroot
Press: ? - help, Q - select action, (/) - cycle Shift-Dir - straight line, f - you, p - wraith The roots erupt in riotous growth!
Aiming: Fastroot
Press: ? - help, Q - select action, (/) - cycle Shift-Dir - straight line The roots erupt in riotous growth!
The wraith is unaffected.
Aiming: Fastroot
Press: ? - help, Q - select action, (/) - cycle Shift-Dir - straight line, f - you The roots erupt in riotous growth!
You barely miss the wraith.
The wraith is almost destroyed. 15...
The wraith closely misses you. The wraith misses you.
You hit the wraith but do no damage.
The wraith is almost destroyed.
The wraith hits you.
You die...

..[......###...###..........⌠
.........# #.<.# #..........⌠
.........###...###..........⌠
............###.............#
#∩........8.# #.8........∩###
##∩___......###......___∩##
######.8.........8.######
#⌠...........⌠#
###......W@.### #_......._#
#_......._# #.........#
#∩.......∩# ##∩.....∩##
##.....## ##⌠⌠⌠## #####


You could see a wraith.

Vanquished Creatures
  2 wraiths (D)
  Sigmund (D)
  6 neqoxecs (D)
  2 wights (D)
  A jelly (D)
  An adder (D)
  A spectral bat (D)
  6 endoplasms (D)
  A goblin (D)
  A spectral giant cockroach (D)
22 creatures vanquished.

Notes
Turn   | Place    | Note
-------+----------+-------------------------------------------
     0 | D        | BigDaddyOpFi the Octopode Fighter began the quest for the
                  | Orb.
     0 | D        | Reached XP level 1. HP: 16/16 MP: 1/1
     3 | D        | Found an ornate altar of the Wu Jian Council.
     4 | D        | Found a hide-covered altar of Uskayaw.
     4 | D        | Found a radiant altar of Vehumet.
     5 | D        | Found a corrupted altar of Lugonu.
     5 | D        | Found a shimmering altar of Xom.
     5 | D        | Round 1.
     6 | D        | Found a snail-covered altar of Cheibriados.
     6 | D        | Found a burning altar of Makhleb.
     6 | D        | Found Hiawusivu's Identification Station.
     7 | D        | Found Wyigor's Jewellery.
     7 | D        | Found Hotood's Advanced Armour.
    18 | D        | Bought a brightly glowing wooden ring for 45 gold pieces
    18 | D        | Identified the ring "Imaastrae" {+Blink Will- AC+4 Int+7}
                  | (You bought it in a shop in the Dungeon)
    18 | D        | Bought an ancient ivory ring for 45 gold pieces
    18 | D        | Identified the ring "Ommumued" {Wiz rCorr} (You bought it
                  | in a shop in the Dungeon)
    18 | D        | Bought a coiled pewter ring for 45 gold pieces
    18 | D        | Identified the ring of Noferph {Fly Int+6 Dex-3} (You
                  | bought it in a shop in the Dungeon)
    18 | D        | Bought a bound zirconium amulet for 45 gold pieces
    18 | D        | Identified the amulet "Jufel" {Acrobat +Inv rC+++ Int-2
                  | Stlth-} (You bought it in a shop in the Dungeon)
    41 | D        | Reached XP level 2. HP: 22/22 MP: 2/2
   133 | D        | Noticed Sigmund
   152 | D        | Killed Sigmund
   152 | D        | Arena points: 12 (+12) [x2]
   153 | D        | Reached skill level 5 in Axes
   153 | D        | Reached XP level 3. HP: 10/30 MP: 3/3
   153 | D        | Reached XP level 4. HP: 12/36 MP: 4/4
   153 | D        | Reached XP level 5. HP: 14/41 MP: 5/5
   208 | D        | Round 2.
   301 | D        | Found a basalt altar of Yredelemnul.
   303 | D        | Found a shadowy altar of Dithmenos.
   307 | D        | Found Miaf's Premium Goods.
   308 | D        | Found an iron altar of Okawaru.
   308 | D        | Found a bloodstained altar of Trog.
   308 | D        | Found Ojiokk's Weapon Rack.
   308 | D        | Found Xiol's Miscellaneous Merchandise.
   308 | D        | Found Xaxaqaru's Basic Armour.
   313 | D        | Found a stormy altar of Qazlal.
   314 | D        | Found a glowing silver altar of Zin.
   315 | D        | Found Ceer's Do-It-Yourself Clinic.
   316 | D        | Found Bixicw's Bottled Wisdom.
   316 | D        | Found Xioh's Distillery.
   316 | D        | Found an opulent altar of Gozag.
   316 | D        | Found an ancient bone altar of Kikubaaqudgha.
   316 | D        | Found Noiger's Distillery.
   320 | D        | Found a blossoming altar of Fedhas.
   321 | D        | Found a sacrificial altar of Ru.
   322 | D        | Found a glowing golden altar of the Shining One.
   323 | D        | Found Ulaypnuf's Staff Store.
   328 | D        | Found a shimmering blue altar of Sif Muna.
   328 | D        | Found Acoheod's Magic Scroll Shop.
   328 | D        | Found Leah Keomel's Must-Have Magic.
   328 | D        | Found Fysit's Magic Scroll Shop.
   330 | D        | Arena points: 48 (+36) [x3]
   374 | D        | Round 3.
   374 | D        | Noticed a neqoxec
   379 | D        | Gained mutation: You are vulnerable to heat. (rF-) [a
                  | neqoxec]
   381 | D        | Noticed a neqoxec
   381 | D        | Gained mutation: You occasionally lose the ability to drink
                  | potions when taking damage. [a neqoxec]
   390 | D        | Killed a neqoxec
   391 | D        | Reached XP level 6. HP: 49/49 MP: 6/6
   393 | D        | Killed a neqoxec
   394 | D        | Reached XP level 7. HP: 44/54 MP: 7/7
   420 | D        | Noticed a neqoxec
   430 | D        | Gained mutation: You are dopey. (Int -2) [a neqoxec]
   432 | D        | Killed a neqoxec
   439 | D        | Noticed a neqoxec
   439 | D        | Gained mutation: You are weak. (Str -2) [a neqoxec]
   442 | D        | Gained mutation: Your magical capacity is low. (-10% MP) [a
                  | neqoxec]
   447 | D        | Killed a neqoxec
   460 | D        | Noticed a neqoxec
   464 | D        | Gained mutation: Your body sometimes deteriorates upon
                  | taking damage. [a neqoxec]
   470 | D        | Gained mutation: You are frail. (-10% HP) [a neqoxec]
   475 | D        | Gained mutation: You are clumsy. (Dex -2) [a neqoxec]
   477 | D        | Killed a neqoxec
   478 | D        | Reached XP level 8. HP: 56/56 MP: 7/7
   496 | D        | Gained mutation: You are very clumsy. (Dex -4) [a neqoxec]
   498 | D        | Gained mutation: You are very frail. (-20% HP) [a neqoxec]
   501 | D        | Gained mutation: You are extremely frail. (-30% HP) [a
                  | neqoxec]
   508 | D        | Arena points: 132 (+84) [x4]
   543 | D        | Round 4.
   550 | D        | Noticed a wraith
   573 | D        | Killed a wraith
   603 | D        | Noticed a wraith
   609 | D        | Noticed a wraith
   625 | D        | Killed a wraith
   626 | D        | Reached skill level 10 in Fighting
   626 | D        | Reached skill level 10 in Dodging
   626 | D        | Reached skill level 10 in Shields
   628 | D        | HP: 1/44 [wraith (6)]
   635 | D        | Slain by a wraith

Illustrated notes

Levels and vault maps discovered:
D:        arena_sprint

Skill      XL: |  1  2  3  4  5  6  7  8 |
---------------+-------------------------+-----
Axes           | 5 6 7 8 9 |  9.7
Fighting       | 6 7 9 10 | 10.0
Dodging        | 6 7 9 10 | 10.0
Shields        | 6 7 9 10 | 10.0

Action                   |  1- 3 |  4- 6 |  7- 9 || total
-------------------------+-------+-------+-------++-------
Melee: War axe           |    14 |    15 |    50 ||    79
       Punch             |     1 |     2 |       ||     3
       Tentacles         |       |     2 |    12 ||    14
       Constrict         |       |     2 |     6 ||     8
Evoke: Wand              |       |       |     8 ||     8
  Use: Potion            |     4 |       |     2 ||     6
       Scroll            |       |       |     3 ||     3
Armor: Skin              |       |     1 |     8 ||     9
Dodge: Dodged            |     4 |     7 |    39 ||    50
Block: Buckler           |     3 |       |    15 ||    18

Table legend: (Time is in decaauts)
 A = Elapsed time spent in this place.
 B = Non-inter-level travel time spent in this place.
 C = Inter-level travel time spent in this place.
 D = Time resting spent in this place.
 E = Time spent auto-exploring this place.
 F = Levels seen in this place.
 G = Mean time per level.
                   A        B        C        D        E       F      G
               +--------+--------+--------+--------+--------+-----+--------+
         Total |    668 |    668 |      0 |    302 |      4 |   1 |  668.0 |
       Dungeon |    668 |    668 |      0 |    302 |      4 |   1 |  668.0 |
               +--------+--------+--------+--------+--------+-----+--------+

Top non-repeatable levels by time:
       D: 668 daAuts
